 Dungeon Crawl Stone Soup version 0.30-a0-726-gd89dcf765f (webtiles) character file.

Game seed: 17670180379558880820

49 browni3141 the Digger (level 4, -2/33 HPs)
             Began as a Human Earth Elementalist on Jan 30, 2023.
             Slain by a gnoll
             ... wielding a +0 club
              (5 damage)
             ... on level 3 of the Dungeon.
             The game lasted 00:05:07 (1982 turns).

browni3141 the Digger (Human Earth Elementalist)    Turns: 1982, Time: 00:05:08

Health: -2/33      AC:  2    Str:  8    XL:     4   Next: 1%
Magic:  3/7        EV: 12    Int: 18    God:
Gold:   79         SH:  0    Dex: 13    Spells: 1/7 levels left

rFire   + . .      SeeInvis +    e - +0 dagger
rCold   . . .      Faith    .    (no shield)
rNeg    . . .      Spirit   .    a - +0 robe
rPois   .          Reflect  .    (no helmet)
rElec   .          Harm     .    (no cloak)
rCorr   .          Rampage  .    (no gloves)
Will    .....                    (no boots)
Stlth   ++                       (no amulet)
HPRegen 0.25/turn                j - ring of see invisible
MPRegen 0.10/turn                l - ring of protection from fire

@: no status effects
A: no striking features
a: no special abilities


You were on level 3 of the Dungeon.
You visited 1 branch of the dungeon, and saw 3 of its levels.

You collected 79 gold pieces.

Inventory:

Hand Weapons
 e - a +0 dagger (weapon)
 f - a +0 club
 g - a +0 short sword
Missiles
 h - 8 poisoned darts
Armour
 a - a +0 robe (worn)
 c - a +0 leather armour
 k - a +0 ring mail
Jewellery
 j - a ring of see invisible (left hand)
 l - a ring of protection from fire (right hand)
Scrolls
 d - a scroll of torment {unknown}
 i - a scroll of identify {unknown}
 n - a scroll of magic mapping {unknown}
 r - a scroll of enchant weapon {unknown}
Potions
 b - a potion of magic
 m - a potion of heal wounds {unknown}
 o - 2 potions of brilliance {unknown}
 p - a potion of invisibility {unknown}
 q - a potion of curing {unknown}


   Skills:
 - Level 2.0 Fighting
 - Level 2.0 Dodging
 - Level 2.0 Stealth
 - Level 2.0 Spellcasting
 - Level 2.0 Transmutations
 * Level 3.5 Earth Magic


You had one spell level left.
You knew the following spells:

 Your Spells              Type           Power      Damage    Failure   Level
a - Sandblast             Erth           28%        2d8       4%          1
b - Passwall              Tmut/Erth      9%         N/A       9%          2
c - Stone Arrow           Conj/Erth      16%        3d8       26%         3

Your spell library contained the following spells:

 Spells                   Type           Power      Damage    Failure   Level
 Petrify                  Tmut/Erth      11%        N/A       50%         4


Dungeon Overview and Level Annotations

Branches:
Dungeon (3/15)

Altars:
Ashenzari


Message History

Confirm with . or Enter, or press ? or * to list all spells.
Okay, then.
Unknown command.
Unknown command.
Casting: Sandblast (safe; 4% risk of failure)
Confirm with . or Enter, or press ? or * to list all spells.
Okay, then.
Unknown command.
Unknown command.
Aiming: Sandblast (safe; 4% risk of failure)
Press: ? - help, Q - select action, (/) - cycle Shift-Dir - straight line, f/p - gnoll
Aim: a gnoll, wielding a +0 club (moderately wounded, 84% to hit)
The blast of sand hits the gnoll.
The gnoll is heavily wounded.
Aiming: Sandblast (safe; 4% risk of failure)
Press: ? - help, Q - select action, (/) - cycle Shift-Dir - straight line, f - gnoll, p - gnoll
Aim: a gnoll, wielding a +0 halberd (84% to hit)
The blast of sand hits the gnoll.
The gnoll is lightly wounded.
The gnoll misses you.
The gnoll hits you from afar with a +0 halberd!
* * * LOW HITPOINT WARNING * * *
The gnoll barely misses you. The gnoll hits you with a +0 club.
* * * LOW HITPOINT WARNING * * *
Unknown command.
Aiming: Sandblast (safe; 4% risk of failure)
Press: ? - help, Q - select action, (/) - cycle Shift-Dir - straight line, f/p - gnoll
Aim: a gnoll, wielding a +0 halberd (lightly wounded, 84% to hit)
The blast of sand hits the gnoll!
The gnoll is almost dead.
The gnoll closely misses you.
A gnoll comes into view. It is wielding a +0 halberd.
The gnoll misses you.
Aiming: Sandblast (safe; 4% risk of failure)
Press: ? - help, Q - select action, (/) - cycle Shift-Dir - straight line, f/p - gnoll
Aim: a gnoll, wielding a +0 halberd (almost dead, 84% to hit)
The blast of sand hits the gnoll.
You kill the gnoll!
The gnoll closely misses you. The gnoll hits you with a +0 club.
You die...

######## #### #......#
...#####.....[##########
...##...................
...#..####.............#
...#.## #.............#
####.# #.............#
..##.# ###...........#
#.#..# #####@g.###.#
....## #...# ....# #g..#
..#.#### ####...#
<......# #....##....#
######.# #g##.# .##.. ..
#..#.# .# . ##.#.. ..
g####


You could see 2 gnolls.

Vanquished Creatures
  A gnoll (D:3)
  An adder (D:2)
  A worm (D:2)
  2 dart slugs
  2 giant cockroaches (D:2)
  6 goblins
  6 hobgoblins
  2 quokkas
  A ball python (D:1)
  2 bats
  3 frilled lizards
  2 kobolds (D:1)
  3 rats (D:1)
32 creatures vanquished.

Notes
Turn   | Place    | Note
-------+----------+-------------------------------------------
     0 | D:1      | browni3141 the Human Earth Elementalist began the quest for
                  | the Orb.
     0 | D:1      | Reached XP level 1. HP: 13/13 MP: 3/3
   158 | D:1      | Reached skill level 1 in Fighting
   216 | D:1      | Reached XP level 2. HP: 21/21 MP: 3/5
   240 | D:1      | Learned a level 2 spell: Passwall
   997 | D:2      | Found a faded altar of an unknown god.
  1013 | D:2      | Reached XP level 3. HP: 27/27 MP: 3/6
  1100 | D:2      | Learned a level 3 spell: Stone Arrow
  1139 | D:2      | Found a broken altar of Ashenzari.
  1868 | D:3      | Reached XP level 4. HP: 33/33 MP: 4/7
  1982 | D:3      | Slain by a gnoll

Illustrated notes

Levels and vault maps discovered:
D:1:      dpeg_arrival_rhombus, layout_loops_ring, minmay_pentomino_t2
D:2:      layout_basic, hellmonk_ecumenical_altar_pennies_from_heaven,
          basic_altar, nicolae_elevator_lobby_asterisk
D:3:      layout_basic, serial_shops, shop, fountainhead, uniq_grinder

Skill      XL: |  1  2  3 |
---------------+----------+-----
Fighting       | 1 2 |  2.0
Transmutations | 2 |  2.0
Dodging        | |  2.0
Stealth        | |  2.0
Spellcasting   | |  2.0
Earth Magic    | |  3.5

Action                     |  1- 3 |  4- 6 || total
---------------------------+-------+-------++-------
  Melee: Dagger            |     1 |       ||     1
   Cast: Sandblast         |    39 |     6 ||    45
 Armour: Robe              |     1 |       ||     1
         Leather armour    |     1 |       ||     1
  Dodge: Dodged            |     4 |     5 ||     9

Table legend: (Time is in decaauts)
 A = Elapsed time spent in this place.
 B = Non-inter-level travel time spent in this place.
 C = Inter-level travel time spent in this place.
 D = Time resting spent in this place.
 E = Time spent auto-exploring this place.
 F = Levels seen in this place.
 G = Mean time per level.
                   A        B        C        D        E       F      G
               +--------+--------+--------+--------+--------+-----+--------+
         Total |   2003 |   1957 |     46 |     33 |   1482 |   3 |  667.7 |
       Dungeon |   2003 |   1957 |     46 |     33 |   1482 |   3 |  667.7 |
               +--------+--------+--------+--------+--------+-----+--------+

Top non-repeatable levels by time:
     D:2: 1077 daAuts
     D:1: 789 daAuts
     D:3: 136 daAuts
